 Dungeon Crawl Stone Soup version 0.17-a0-157-g289cc6a (webtiles) character file.

33 Ngotmuk the Skirmisher (level 3, 0/29 HPs)
             Began as a Demonspawn Abyssal Knight on Mar 26, 2015.
             Was a Follower of Lugonu.
             Slain by a goblin (3 damage)
             ... led by Robin
             ... on level 2 of the Dungeon.
             The game lasted 00:03:39 (1225 turns).

Ngotmuk the Skirmisher (Demonspawn Abyssal Knight)  Turns: 1225, Time: 00:03:39

Health: 0/29       AC:  3    Str: 13    XL:     3   Next: 12%
Magic:  4/4        EV: 11    Int: 13    God:    Lugonu [*.....]
Gold:   60         SH:  0    Dex: 12    Spells: 0 memorised, 2 levels left

rFire  . . .     SeeInvis +     a - +1 mace
rCold  . . .     Clarity  .     b - +0 leather armour
rNeg   . . .     SustAb   .     (no shield)
rPois  .         Gourm    .     (no helmet)
rElec  .         Spirit   .     (no cloak)
rCorr  .         Warding  .     (no gloves)
rMut   .         Stasis   .     (no boots)
MR     .....                    (no amulet)
Stlth  +.........               (no ring)
                                d - ring of see invisible

@: not resistant to hostile enchantments, very unstealthy
A: claws 2
a: Depart the Abyss, Renounce Religion


You were on level 2 of the Dungeon.
You worshipped Lugonu.
Lugonu was aware of your devotion.
You were very hungry.

You visited 1 branch of the dungeon, and saw 2 of its levels.
You visited the Abyss 1 time.

You collected 60 gold pieces.

Inventory:

Hand weapons
 a - a +1 mace (weapon)
Armour
 b - a +0 leather armour (worn)
Jewellery
 d - a ring of see invisible (left claw)
 i - an uncursed ring of invisibility {unknown}
Scrolls
 h - a scroll of blinking {unknown}
 m - a scroll of fog {unknown}
 n - 3 scrolls of teleportation {unknown}
 p - 2 scrolls of remove curse {unknown}
Potions
 e - 2 potions of resistance {unknown}
 f - a potion of brilliance {unknown}
 g - 3 potions of curing
Comestibles
 c - a bread ration
 j - 2 meat rations


   Skills:
 + Level 3.2 Fighting
 * Level 2.4 Maces & Flails
 + Level 2.5 Armour
 - Level 0.8 Dodging
 - Level 2.4 Invocations


You had 2 spell levels left.
You didn't know any spells.

Dungeon Overview and Level Annotations

Branches:
Dungeon (2/15)

Altars:
Ru

Annotations:
D:2 Robin


Innate Abilities, Weirdness & Mutations

You have very sharp fingernails.


Message History

You aren't carrying any rechargeable items.
The kobold shouts!
The giant gecko bites you. The goblin barely misses you.
The goblin closely misses you. The goblin hits you.
The goblin hits you but does no damage. The goblin misses you.
The goblin hits you.
* * * LOW HITPOINT WARNING * * *
Robin points. "Kill!"
As you read the scroll labeled GUIRAA GHASEUK, it crumbles to dust.
It is a scroll of identify.
Identify which item? (\ to view known items) (? for menu, Esc to quit)
g - 3 potions of curing The giant gecko bites you.
* * * LOW HITPOINT WARNING * * *
The goblin hits you with a club.
* * * LOW HITPOINT WARNING * * *
The goblin completely misses you. The goblin hits you with a dagger.
* * * LOW HITPOINT WARNING * * *
The goblin barely misses you. The goblin hits you.
You die...

. #...#.#.#.#.#†#
#?######..............
#.........#K#.#.#.#.#.
#.....................
#.>........#.#.#.#.#.#
#.....................
####....g....K.#.#.#.#.#.
.......glgg..............
.###..wg@gg.....#.#.#.#..
#...gggg......
#######g..... ......
...... .... ... .


You could see a worm, Robin, a giant gecko, 2 hobgoblins, 9 goblins and a
kobold.

Vanquished Creatures
  An adder (D:2)
  2 giant geckos (D:1)
  3 giant cockroaches
  4 goblins
  A hobgoblin (D:1)
  3 jackals (D:2)
  A bat (D:2)
  A giant newt (D:1)
  3 kobolds (D:1)
  2 rats (D:1)
21 creatures vanquished.

Notes
Turn   | Place    | Note
--------------------------------------------------------------
     0 | Abyss:1  | Ngotmuk, the Demonspawn Abyssal Knight, began the quest for the Orb.
     0 | Abyss:1  | Reached XP level 1. HP: 18/18 MP: 1/1
    29 | Abyss:1  | Noticed a large abomination
    56 | D:1      | Escaped the Abyss
   309 | D:1      | Gained mutation: You have sharp fingernails. [demonic ancestry]
   309 | D:1      | Reached XP level 2. HP: 13/24 MP: 2/2
   509 | D:1      | Found a sacrificial altar of Ru.
  1105 | D:2      | Gained mutation: You have very sharp fingernails. [demonic ancestry]
  1105 | D:2      | Reached XP level 3. HP: 15/29 MP: 4/4
  1220 | D:2      | Noticed Robin
  1225 | D:2      | Slain by a goblin

Action                   || total
-------------------------++-------
Melee: Mace              ||    96
  Use: Scroll            ||     3
